 Dungeon Crawl Stone Soup version 0.29-a0-584-gb10a8bf730 (webtiles) character file.

Game seed: 15663540585936963532

2 Nedwor the Ducker (level 1, 11/16 HPs)
             Began as a Demonspawn Gladiator on June 15, 2022.
             Quit the game on level 1 of the Dungeon.
             The game lasted 00:00:34 (40 turns).

Nedwor the Ducker (Demonspawn Gladiator)              Turns: 40, Time: 00:00:34

Health: 11/16      AC:  4    Str: 14    XL:     1   Next: 33%
Magic:  1/1        EV: 12    Int:  9    God:
Gold:   9          SH:  0    Dex: 14    Spells: 0/0 levels left

rFire   . . .      SeeInvis .   a - +0 flail
rCold   . . .      Faith    .   (no shield)
rNeg    . . .      Spirit   .   b - +0 leather armour
rPois   .          Reflect  .   c - +0 helmet
rElec   .          Harm     .   (no cloak)
rCorr   .          Rampage  .   (no gloves)
Will    .....                   (no boots)
Stlth   +.........              (no amulet)
HPRegen 0.05/turn               (no ring)
MPRegen 0.07/turn               (no ring)

@: no status effects
A: no striking features
a: no special abilities


You were on level 1 of the Dungeon.
You visited 1 branch of the dungeon, and saw 1 of its levels.

You collected 9 gold pieces.

Inventory:

Hand Weapons
 a - a +0 flail (weapon)
Missiles
 d - 3 throwing nets (quivered)
 e - a javelin
Armour
 b - a +0 leather armour (worn)
 c - a +0 helmet (worn)
Scrolls
 f - a scroll of amnesia {unknown}


   Skills:
 + Level 2.0 Fighting
 + Level 2.7 Maces & Flails
 + Level 1.8 Throwing
 + Level 2.7 Dodging


You couldn't memorise any spells.
You didn't know any spells.
Your spell library was empty.

Dungeon Overview and Level Annotations

Branches:
Dungeon (1/15)

Altars:


Message History

Welcome, Nedwor the Demonspawn Gladiator.
Everyone else who sought the Orb of Zot has failed.
Will you be different?
Press ? for a list of commands and other information.
Found a scroll labelled LAG BAOSUCW.
Found a staircase leading out of the dungeon.
f - a scroll labelled LAG BAOSUCW You open the door.
There is an open door here.
You now have 9 gold pieces.
An endoplasm and a goblin come into view.
The endoplasm quivers.
There are monsters nearby!
There are monsters nearby!
The goblin shouts!
You sock the endoplasm!
You kill the endoplasm!
You barely miss the goblin. The goblin hits you with a +0 dagger.
You barely miss the goblin. The goblin hits you with a +0 dagger.
You hit the goblin.
The goblin is heavily wounded.
The goblin closely misses you. The goblin hits you with a +0 dagger.
You closely miss the goblin.
The goblin is moderately wounded.
The goblin closely misses you.
You hit the goblin but do no damage.
The goblin is moderately wounded.
The goblin closely misses you.
You closely miss the goblin.
The goblin is moderately wounded.
The goblin misses you. The goblin closely misses you.
You hit the goblin.
The goblin is heavily wounded.
The goblin barely misses you.
You hit the goblin.
You kill the goblin!
No target in view!
Are you sure you want to abandon this character and quit the game? (Confirm with "yes".)

##....... #.......###
#.#.#$#... ###.......#
#...#.#.#.# #.......#
#.#.#.#.#
#.......###+##.
##.##.#@.......
#.##.#.)......
#.##..........
#.#######.###.........
#.........# #.........
#.####..### ##.###+###
##.# #.. #.# ##.
######'######


There were no monsters in sight!

Vanquished Creatures
  An endoplasm (D:1)
  A goblin (D:1)
2 creatures vanquished.

Notes
Turn   | Place    | Note
-------+----------+-------------------------------------------
     0 | D:1      | Nedwor the Demonspawn Gladiator began the quest for the
                  | Orb.
     0 | D:1      | Reached XP level 1. HP: 16/16 MP: 1/1
    40 | D:1      | Quit the game

Illustrated notes

Levels and vault maps discovered:
D:1:      psy_arrival_statuary, layout_basic, serial_co_window_serial,
          co_window_cross_1, co_window_paths_b, co_window_paths_a,
          co_window_paths_a, co_window_corner_a, co_window_corner_b,
          co_window_2corner, co_window_corner_b, co_window_4corner_a,
          co_window_paths_d, glass_columns_b, glass_columns_a, glass_columns_b,
          chequers_ecumenical_altar_twisty, minmay_pentomino_q2

Action                   || total
-------------------------++-------
Melee: Flail             ||     9
Dodge: Dodged            ||     6

Table legend: (Time is in decaauts)
 A = Elapsed time spent in this place.
 B = Non-inter-level travel time spent in this place.
 C = Inter-level travel time spent in this place.
 D = Time resting spent in this place.
 E = Time spent auto-exploring this place.
 F = Levels seen in this place.
 G = Mean time per level.
                   A        B        C        D        E       F      G
               +--------+--------+--------+--------+--------+-----+--------+
         Total |     42 |     42 |      0 |      0 |     27 |   1 |   42.0 |
       Dungeon |     42 |     42 |      0 |      0 |     27 |   1 |   42.0 |
               +--------+--------+--------+--------+--------+-----+--------+

Top non-repeatable levels by time:
     D:1: 42 daAuts
